 Dungeon Crawl Stone Soup version 0.22-a0-392-g5dc3fd9 (webtiles) character file.

190 Dargar the Slasher (level 5, 0/40 HPs)
             Began as a Demonspawn Gladiator on May 1, 2018.
             Was an Initiate of Makhleb.
             Slain by a gnoll
             ... wielding a +0 flail
              (5 damage)
             ... on level 2 of the Dungeon.
             The game lasted 00:03:01 (1830 turns).

Dargar the Slasher (Demonspawn Gladiator)           Turns: 1830, Time: 00:03:01

Health: 0/40       AC:  8    Str: 15    XL:     5   Next: 41%
Magic:  5/5        EV: 12    Int:  9    God:    Makhleb [......]
Gold:   122        SH:  3    Dex: 15    Spells: 4/4 levels left

rFire    . . .     SeeInvis .   a - +0 long sword
rCold    . . .     Gourm    .   h - +0 buckler
rNeg     . . .     Faith    .   b - +0 leather armour
rPois    .         Spirit   .   c - +0 helmet
rElec    .         Reflect  .   (no cloak)
rCorr    .         Harm     .   (no gloves)
MR       .....                  i - +2 pair of boots
Stlth    +.........             (no amulet)
HPRegen  0.13/turn              (no ring)
MPRegen  0.09/turn              (no ring)

@: no status effects
A: hooves 1, rugged brown scales 1, powered by pain 1
a: Renounce Religion


You were on level 2 of the Dungeon.
You worshipped Makhleb.
Makhleb was noncommittal.
You were not hungry.

You visited 1 branch of the dungeon, and saw 3 of its levels.

You collected 122 gold pieces.

Inventory:

Hand Weapons
 a - a +0 long sword (weapon)
Missiles
 d - 3 throwing nets (quivered)
Armour
 b - a +0 leather armour (worn)
 c - a +0 helmet (worn)
 h - a +0 buckler (worn)
 i - a +2 pair of boots (worn)
Jewellery
 g - an uncursed amulet of harm {unknown}
Scrolls
 e - 2 scrolls of remove curse
 j - a scroll of amnesia {unknown}
 o - a scroll of enchant armour {unknown}
Potions
 k - 2 potions of flight {unknown}
 l - 2 potions of lignification {unknown}
 m - a potion of ambrosia {unknown}
 n - a potion of cancellation {unknown}
Comestibles
 f - 7 rations


   Skills:
 + Level 2.5 Fighting
 + Level 4.7 Long Blades
 + Level 1.8 Throwing
 + Level 3.6 Dodging


You had 4 spell levels left.
You didn't know any spells.

Dungeon Overview and Level Annotations

Branches:
Dungeon (3/15)

Altars:
Makhleb
Ru
Sif Muna

Annotations:
D:3 Ijyb


Innate Abilities, Weirdness & Mutations

You have large cloven feet.
You are partially covered in rugged brown scales. (AC +1, +3% HP)
You sometimes gain a little power by taking damage.


Message History

Unknown command.
You slash the gnoll!
You kill the gnoll!
Makhleb accepts your kill. The gnoll barely misses you. The gnoll misses you.
The bat barely misses you.
You riposte.
You hit the bat.
You kill the bat!
Makhleb accepts your kill.
You barely miss the gnoll.
The gnoll is heavily wounded.
The gnoll closely misses you.
Unknown command.
You completely miss the gnoll.
The gnoll is heavily wounded.
You block the gnoll's attack. The gnoll barely misses you.
Unknown command.
You hit the gnoll.
The gnoll is severely wounded.
The gnoll hits you with a flail.
You die...

#######.# .# #.#
........# #.# #<#
######..# ###.## #.#
#..# #../. . #..# #.#.#
# ######..####.#.#####.#
.....................
........#.##....#.##.#..
.#####.##.####..@.)....?
.# #.##.# ##g)....###
.#####.##.# #.#.#.##
.......##.# #.#....#
.########.# ..#.....####
.# #.# .#..........## .#
#.# #(#.#.....#...# .#
###.# #.#.##...##...###
# .# #..
#.#.............##.#


You could see a gnoll.

Vanquished Creatures
  A hound (D:3)
  An orc priest (D:3)
  A gnoll shaman (D:2)
  3 gnolls
  An adder (D:3)
  An ooze (D:1)
  A worm (D:2)
  3 dart slugs (D:1)
  2 orcs (D:3)
  A giant cockroach (D:1)
  3 goblins
  4 hobgoblins
  5 jackals
  11 bats
  3 frilled lizards
  8 kobolds
  8 rats
57 creatures vanquished.

Vanquished Creatures (others)
  7 toadstools (D:1)
7 creatures vanquished.

Grand Total: 64 creatures vanquished

Notes
Turn   | Place    | Note
-------+----------+-------------------------------------------
     0 | D:1      | Dargar the Demonspawn Gladiator began the quest for the Orb.
     0 | D:1      | Reached XP level 1. HP: 16/16 MP: 1/1
   174 | D:1      | Gained mutation: You have large cloven feet. [demonic ancestry]
   174 | D:1      | Reached XP level 2. HP: 13/22 MP: 2/2
   370 | D:1      | Reached skill level 3 in Long Blades
   513 | D:1      | Reached XP level 3. HP: 25/27 MP: 3/3
   923 | D:2      | You fall through a shaft!
   936 | D:3      | Found a sacrificial altar of Ru.
   958 | D:3      | Gained mutation: You are partially covered in rugged brown scales. (AC +1, +3% HP) [demonic ancestry]
   958 | D:3      | Reached XP level 4. HP: 27/33 MP: 4/4
  1038 | D:3      | Reached skill level 4 in Long Blades
  1401 | D:3      | Noticed Ijyb
  1479 | D:2      | Gained mutation: You sometimes gain a little power by taking damage. [demonic ancestry]
  1479 | D:2      | Reached XP level 5. HP: 36/40 MP: 5/5
  1670 | D:2      | Found a burning altar of Makhleb.
  1680 | D:2      | Became a worshipper of Makhleb the Destroyer
  1731 | D:2      | Found a deep blue altar of Sif Muna.
  1830 | D:2      | Slain by a gnoll

Vault maps used:
D:1:      nagdon_arrival_double_spiral, serial_bayou_pond_a,
          grunt_decor_fettered
D:2:      bloody_makhleb, lemuel_crystal_altar
D:3:      nicolae_ru_the_path_less_chosen, nemelex_xobeh_ov_fountains_minmay,
          first_ration, minmay_cut_off, uniq_ijyb

Skill      XL: |  1  2  3  4 |
---------------+-------------+-----
Dodging        | 3 |  3.6
Long Blades    | 3 4 |  4.7
Fighting       | |  2.5
Throwing       | |  1.8

Action                   |  1- 3 |  4- 6 || total
-------------------------+-------+-------++-------
Melee: Long sword        |    79 |    57 ||   136
       Kick              |    19 |     6 ||    25
  Use: Scroll            |     4 |     1 ||     5
  Eat: Chunk             |       |     3 ||     3
Armor: Leather armour    |    36 |    15 ||    51
Dodge: Dodged            |    74 |    40 ||   114
Block: Buckler           |       |     8 ||     8
       Rpst.: Long sword |    23 |     9 ||    32

Table legend:
 A = Spawn XP
 B = Non-spawn XP
 C = Spawn XP percentage of total XP
 D = Spawn monster count
 E = Non-spawn monster count
 F = Spawn count percentage of total count
 G = Total turns spent on level
                    A         B        C        D         E        F      G
               +---------+---------+-------+---------+---------+-------+---------
         Total |       0 |     272 |   0.0 |       0 |      57 |   0.0 |  1830
               +---------+---------+-------+---------+---------+-------+---------
           D:1 |       0 |      72 |   0.0 |       0 |      32 |   0.0 |   905
           D:2 |       0 |      85 |   0.0 |       0 |      12 |   0.0 |   444
           D:3 |       0 |     115 |   0.0 |       0 |      13 |   0.0 |   481
               +---------+---------+-------+---------+---------+-------+---------
